 Dungeon Crawl Stone Soup version 0.28.0-43-g3370ac3207 (webtiles) character file.

Game seed: 4476732629575605425

147 Acheron the Magician (level 5, -7/46 HPs)
             Began as a Troll Hedge Wizard on Mar 15, 2022.
             Was an Elder of Makhleb.
             Mangled by Menkaure (9 damage)
             ... in an ossuary on Mar 16, 2022.
             The game lasted 00:16:34 (2380 turns).

Acheron the Magician (Troll Hedge Wizard)           Turns: 2380, Time: 00:16:35

Health: -7/46      AC:  5    Str: 18    XL:     5   Next: 7%
Magic:  2/7        EV:  9    Int: 10    God:    Makhleb [****..]
Gold:   48         SH:  0    Dex: 11    Spells: 3/9 levels left

rFire   . . .      SeeInvis +     - Unarmed
rCold   . . .      Faith    .   (no shield)
rNeg    . . .      Spirit   .   b - +0 robe
rPois   .          Reflect  .   c - +0 hat
rElec   .          Harm     .   f - +0 cloak
rCorr   .          Rampage  .   (gloves unavailable)
Will    .....                   (boots unavailable)
Stlth   +.........              (no amulet)
HPRegen 0.95/turn               i - ring of see invisible
MPRegen 0.10/turn               (no ring)

@: about to teleport
A: large, unfitting armour, claws 3, regeneration 1, shaggy fur 1, tough skin 1
a: Renounce Religion, Minor Destruction, Lesser Servant of Makhleb, Major
Destruction


You were in an ossuary.
You worshipped Makhleb.
Makhleb was greatly pleased with you.
You visited 1 branch of the dungeon, and saw 6 of its levels.
You also visited: Ossuary.

You collected 48 gold pieces.

Inventory:

Hand Weapons
 a - a +0 dagger
Missiles
 d - 8 poisoned darts
 e - 71 stones
 l - 2 boomerangs (quivered)
Armour
 b - a +0 robe (worn)
 c - a +0 hat (worn)
 f - a +0 cloak (worn)
Jewellery
 i - a ring of see invisible (left claw)
Scrolls
 j - a scroll of noise {unknown}
 k - a scroll of identify {unknown}


   Skills:
 * Level 0.7 Fighting
 * Level 0.3 Throwing
 * Level 1.6 Dodging
 * Level 1.1 Stealth
 * Level 2.1 Unarmed Combat
 * Level 2.5 Spellcasting
 * Level 1.4 Conjurations
 + Level 0.1 Hexes
 * Level 0.7 Summonings
 * Level 0.8 Translocations
 * Level 1.0 Invocations


You had 3 spell levels left.
You knew the following spells:

 Your Spells              Type           Power      Damage    Failure   Level
a - Magic Dart            Conj           16%        1d3       17%         1
b - Slow                  Hex            4%         N/A       28%         1
c - Call Imp              Summ           2%         N/A       32%         2
d - Blink                 Tloc           4%         N/A       32%         2

Your spell library contained the following spells:

 Spells                   Type           Power      Damage    Failure   Level
 Conjure Flame            Conj/Fire      2%         6-21      54%         3
 Mephitic Cloud           Conj/Pois/Air  2%         N/A       58%         3


Dungeon Overview and Level Annotations

Branches:
Dungeon (5/15)            Ossuary (1/1)
 Temple: D:4-7

Altars:
Dithmenos
Elyvilon
Makhleb
Nemelex Xobeh
Sif Muna
Vehumet

Annotations:
D:3 2 transporters, kthxbai's ghost, amateur BaIE Ossuary Menkaure


Innate Abilities, Weirdness & Mutations

You are too large for most types of armour.
You have claws for hands.
Your natural rate of healing is unusually fast.
You are covered in fur. (AC +1)
You have tough skin. (AC +1)


Message History

Menkaure seems to speed up.
Casting: Call Imp (dangerous; 32% risk of failure)
Confirm with . or Enter, or press ? or * to list all spells.
A beastly little devil appears in a puff of flame.
Casting: Call Imp (dangerous; 32% risk of failure)
Confirm with . or Enter, or press ? or * to list all spells.
A beastly little devil appears in a puff of flame.
Your crimson imp disappears in a puff of smoke!
You start resting.
Your crimson imp blinks!
Menkaure is nearby!
Casting: Call Imp (dangerous; 32% risk of failure)
Confirm with . or Enter, or press ? or * to list all spells.
A beastly little devil appears in a puff of frigid air.
Your crimson imp disappears in a puff of smoke!
Menkaure hits your white imp!
Your white imp dies!
Your white imp disappears in a puff of smoke!
You aren't carrying any items that you can evoke.
Menkaure calls on the powers of darkness!
Your body is wracked with pain!
You closely miss Menkaure. Menkaure closely misses you.
You barely miss Menkaure.
Menkaure grins.
Menkaure hits you!
It was a potion of curing.
You feel better. Menkaure barely misses you.
You scratch Menkaure.
Menkaure is lightly damaged.
Menkaure barely misses you.
You claw Menkaure!
Menkaure is heavily damaged.
Menkaure calls on the powers of darkness!
Your body is wracked with pain!
* * * LOW HITPOINT WARNING * * *
Menkaure hits you!
* * * LOW HITPOINT WARNING * * *
As you read the scroll of teleportation, it crumbles to dust.
You feel strangely unstable.
Menkaure is no longer moving quickly.
Menkaure hits you!
You die...

#.M## ##..##..##..## ..##
##..##..##..## M##
##..##..##..## # ##..##..##..##
##..##..##..## ##..##..##..##
##..##..##..##
##################..##..##..##
................@MM..##..##..##
########################..##..##
...........................##∩∩#
################################


You could see Menkaure and a mummy.

Vanquished Creatures
  2 mummies (Ossuary)
  Robin (D:3)
  2 adders
  3 ball pythons
  4 bats
  5 endoplasms
  3 gnoll zombies (Ossuary)
  14 goblins
  9 hobgoblins
  3 jackals (D:3)
  A frilled lizard (D:3)
  3 gnoll skeletons (Ossuary)
  5 goblin skeletons (Ossuary)
  5 goblin zombies (Ossuary)
  5 hobgoblin skeletons (Ossuary)
  3 hobgoblin zombies (Ossuary)
  4 kobolds
  3 kobold skeletons (Ossuary)
  4 kobold zombies (Ossuary)
  2 orc skeletons (Ossuary)
  3 orc zombies (Ossuary)
  2 rats
  7 rat skeletons (Ossuary)
  7 rat zombies (Ossuary)
100 creatures vanquished.

Notes
Turn   | Place    | Note
-------+----------+-------------------------------------------
     0 | D:1      | Acheron the Troll Hedge Wizard began the quest for the Orb.
     0 | D:1      | Reached XP level 1. HP: 16/16 MP: 2/2
   189 | D:1      | Found a faded altar of an unknown god.
   224 | D:1      | Prayed at the altar of an unknown god.
   224 | D:1      | Became a worshipper of Makhleb the Destroyer
   224 | D:1      | Reached * piety under Makhleb
   261 | D:3      | Reached skill level 1 in Conjurations
   289 | D:3      | Reached XP level 2. HP: 24/24 MP: 4/4
   331 | D:3      | Noticed Robin
   344 | D:3      | Killed Robin
   350 | D:3      | Reached XP level 3. HP: 11/31 MP: 5/5
   456 | D:3      | Noticed an orc warrior
   493 | D:3      | Found a transporter.
   498 | D:3      | Noticed kthxbai's ghost (amateur BaIE)
   539 | D:3      | Reached skill level 1 in Unarmed Combat
   543 | D:3      | Found a transporter.
   560 | D:3      | Reached ** piety under Makhleb
   609 | D:5      | Entered Level 5 of the Dungeon
   710 | D:4      | Found a sparkling altar of Nemelex Xobeh.
   710 | D:4      | Found a white marble altar of Elyvilon.
   718 | D:4      | Found a shadowy altar of Dithmenos.
   719 | D:4      | Found a radiant altar of Vehumet.
   720 | D:4      | Found a burning altar of Makhleb.
   720 | D:4      | Found a shimmering blue altar of Sif Muna.
   772 | D:4      | Learned a level 1 spell: Slow
  1130 | D:2      | Reached XP level 4. HP: 40/40 MP: 6/6
  1299 | D:3      | Learned a level 2 spell: Call Imp
  1302 | D:3      | Learned a level 2 spell: Blink
  1881 | D:4      | You fall into a shaft and drop 2 floors!
  1883 | D:6      | Noticed a scorpion
  1893 | D:6      | Found a sand-covered staircase.
  1898 | Ossuary  | Entered an ossuary
  2132 | Ossuary  | Reached *** piety under Makhleb
  2169 | Ossuary  | Reached skill level 1 in Invocations
  2278 | Ossuary  | Reached XP level 5. HP: 46/46 MP: 7/7
  2328 | Ossuary  | Reached **** piety under Makhleb
  2341 | Ossuary  | Noticed Menkaure
  2379 | Ossuary  | HP: 1/46 [Menkaure (12)]
  2380 | Ossuary  | Mangled by Menkaure

Illustrated notes

Levels and vault maps discovered:
D:1:      onia_arrival_mini_spirals, layout_basic,
          ebering_ecumenical_altar_sacrificial, minmay_shallow_snake_nest
D:2:      layout_loops_ring, patterned_corridor
D:3:      layout_loops_ring, gammafunk_ghost_stat_death, minmay_fountain_box,
          lightli_corner_chamber, uniq_robin
D:4:      layout_basic, nicolae_overflows_in_rows, uniq_natasha
D:5:      nicolae_BIG_FREAKIN_CUBE, layout_gridville, uniq_prince_ribbit1,
          uniq_ijyb, uniq_pikel, uniq_crazy_yiuf_cottage
D:6:      layout_loops_ring, kennysheep_little_box, minmay_temple_entry_statues,
          enter_ossuary_5
Ossuary:  ossuary_due_pyramid

Skill      XL: |  1  2  3  4 |
---------------+-------------+-----
Conjurations   | 1 |  1.4
Unarmed Combat | 1 2 |  2.1
Invocations    | 1 |  1.0
Fighting       | |  0.7
Throwing       | |  0.3
Dodging        | |  1.6
Stealth        | |  1.1
Spellcasting   | |  2.5
Hexes          | |  0.1
Summonings     | |  0.7
Translocations | |  0.8

Action                   |  1- 3 |  4- 6 || total
-------------------------+-------+-------++-------
Melee: Unarmed           |   104 |   155 ||   259
       Punch             |     1 |     4 ||     5
 Cast: Magic Dart        |     6 |     8 ||    14
       Slow              |     2 |       ||     2
       Call Imp          |       |     6 ||     6
  Use: Scroll            |       |     2 ||     2
       Potion            |       |     1 ||     1
 Stab: Sleeping          |     3 |       ||     3
Armor: Robe              |    43 |    48 ||    91
Dodge: Dodged            |    50 |    50 ||   100
